 Dungeon Crawl Stone Soup version 0.21-a0-442-g848f44b (webtiles) character file.

3503 KristoblXynda the Carver (level 9, 0/70 HPs)
             Began as a Green Draconian Fighter on Nov 14, 2017.
             Was an Initiate of Okawaru.
             Slain by Erica
             ... wielding a +3 scimitar of flaming
              (11 damage)
             ... on level 8 of the Dungeon.
             The game lasted 00:14:40 (6441 turns).

KristoblXynda the Carver (Green Draconian Fighter)  Turns: 6441, Time: 00:14:40

Health: 0/70       AC:  7    Str: 18    XL:     9   Next: 80%
Magic:  9/9        EV: 20    Int: 10    God:    Okawaru [......]
Gold:   329        SH: 12    Dex: 13    Spells: 8/8 levels left

rFire    . . .     SeeInvis .   a - +0 long sword
rCold    . . .     Gourm    +   b - +1 shield
rNeg     . . .     Faith    .   (armour unavailable)
rPois    +         Spirit   .   (helmet restricted)
rElec    .         Reflect  .   (no cloak)
rCorr    .         Harm     .   (no gloves)
MR       .....                  (no boots)
Stlth    +.........             o - amulet of the gourmand
HPRegen  0.21/turn              t - +6 ring of evasion
MPRegen  0.11/turn              w - +2 ring of evasion

@: about to teleport, short of breath, slowed, very slow
A: breathe noxious fumes, unfitting armour, claws 1, poison resistance,
cold-blooded, AC +7
a: Breathe Noxious Fumes, Renounce Religion


You were on level 8 of the Dungeon.
You worshipped Okawaru.
Okawaru was noncommittal.
You were completely stuffed.

You visited 2 branches of the dungeon, and saw 9 of its levels.

You collected 329 gold pieces.

Inventory:

Hand Weapons
 a - a +0 long sword (weapon)
 m - a +1 dagger of venom
Armour
 b - a +1 shield (worn)
Jewellery
 h - an uncursed amulet of faith
 o - an amulet of the gourmand (around neck)
 t - a +6 ring of evasion (left claw)
 w - a +2 ring of evasion (right claw)
Wands
 v - a wand of scattershot (5/9)
 x - a wand of confusion (48/48)
Scrolls
 e - a scroll of magic mapping
 g - 3 scrolls of amnesia
 l - a scroll of teleportation
 p - 2 scrolls of remove curse
 u - a scroll of identify
 y - a scroll of enchant armour
Potions
 c - 3 potions of might
 f - a potion of curing
 i - a potion of berserk rage
 j - 2 potions of ambrosia
 n - 2 potions of invisibility {unknown}
 q - a potion of haste {unknown}
 s - 3 potions of brilliance
 z - 2 potions of magic
 A - 2 potions of mutation {unknown}
Comestibles
 d - 5 bread rations
 k - 2 royal jellies
 r - a meat ration


   Skills:
 - Level 3.2 Fighting
 * Level 11.1 Long Blades
 - Level 2.6 Dodging
 + Level 9.3 Shields


You had 8 spell levels left.
You didn't know any spells.

Dungeon Overview and Level Annotations

Branches:
Dungeon (8/15)             Temple (1/1) D:6
   Lair: D:8-11

Altars:
Ashenzari
Cheibriados
Dithmenos
Elyvilon
Fedhas
Gozag
Hepliaklqana
Kikubaaqudgha
Makhleb
Nemelex Xobeh
Okawaru
Qazlal
Ru
Sif Muna
Trog
Uskayaw
Vehumet
Wu Jian
Xom
Yredelemnul
Zin
The Shining One

Annotations:
D:8 Erica


Innate Abilities, Weirdness & Mutations

You can breathe blasts of noxious fumes.
Your lurid green scales are hard. (AC +7)
You cannot fit into any form of body armour.
Your system is resistant to poisons. (rPois)
You are cold-blooded and may be slowed by cold attacks.
You have sharp fingernails.


Message History

Unknown command.
You hear some strange, mumbled words.
Something tries to affect you, but you resist.
You miss something. Something hits you!
* * * LOW HITPOINT WARNING * * *
Something burns you.
* * * LOW HITPOINT WARNING * * *
You hear some strange, mumbled words.
You feel as though you will be slow longer.
Unknown command.
You feel better.
You hear some strange, mumbled words.
Something tries to affect you, but you resist.
Something hits you.
* * * LOW HITPOINT WARNING * * *
Something burns you.
* * * LOW HITPOINT WARNING * * *
As you read the scroll of teleportation, it crumbles to dust.
You feel strangely unstable. Something hits you!
You die...

..##.....##..##>........
....)...................
..###..######...........
#.......................
.................#..####
..........###.##.# .#
..........##.....# #
.........###.##..#
.#.##..#.....##.@##.
.........###...........#
##...........######.##.#
######.###### .. ### #..
#


There were no monsters in sight!

Vanquished Creatures
  A tengu warrior (D:6)
  Prince Ribbit (D:6)
  A hippogriff (D:7)
  Sigmund (D:2)
  Edmund (D:6)
  Duvessa (D:6)
  2 sky beasts (D:5)
  The ghost of Gildeon the Chopper, an amateur MiFi of Vehumet (D:4)
  An ice beast (D:6)
  4 ogres
  A crocodile (D:8)
  A centaur (D:6)
  2 bullfrogs (D:6)
  Dowan (D:6)
  2 scorpions
  4 wights (D:7)
  A crimson imp (D:5)
  3 hounds
  2 jellies
  2 iguanas
  3 orc priests
  6 orc wizards
  Ijyb (D:4)
  4 worker ants
  A hound zombie (D:5)
  A worker ant zombie (D:7)
  3 gnolls (D:4)
  8 adders
  2 shadow imps (D:7)
  An ooze (D:1)
  2 worms
  A dart slug (D:2)
  6 leopard geckos
  24 orcs
  7 bats
  5 giant cockroaches
  2 goblins
  5 hobgoblins
  4 kobolds
  3 quokkas
  2 ball pythons
  6 frilled lizards
  A giant cockroach zombie (D:6)
  A jackal skeleton (D:5)
  2 quokka skeletons
  6 rats
140 creatures vanquished.

Notes
Turn   | Place    | Note
-------+----------+-------------------------------------------
     0 | D:1      | KristoblXynda the Draconian Fighter began the quest for the Orb.
     0 | D:1      | Reached XP level 1. HP: 19/19 MP: 1/1
   228 | D:1      | Reached XP level 2. HP: 25/26 MP: 2/2
   634 | D:2      | Reached XP level 3. HP: 27/31 MP: 3/3
   728 | D:2      | Noticed Sigmund
   739 | D:2      | Killed Sigmund
   739 | D:2      | Reached skill level 3 in Long Blades
   739 | D:2      | Reached skill level 5 in Shields
   739 | D:2      | Reached XP level 4. HP: 26/38 MP: 4/4
   739 | D:2      | Reached XP level 5. HP: 31/45 MP: 5/5
   756 | D:2      | Found a hide-covered altar of Uskayaw.
   756 | D:2      | Found a burning altar of Makhleb.
  1127 | D:3      | Reached skill level 4 in Long Blades
  1139 | D:3      | Reached XP level 6. HP: 7/51 MP: 6/6
  1418 | D:3      | Found an ornate altar of the Wu Jian Council.
  1453 | D:3      | Found a glowing silver altar of Zin.
  1463 | D:3      | Found an ancient bone altar of Kikubaaqudgha.
  2205 | D:4      | Reached skill level 5 in Long Blades
  2290 | D:4      | Noticed Gildeon's ghost (amateur MiFi)
  2318 | D:4      | Killed Gildeon's ghost
  2318 | D:4      | Your scales start taking on a lurid green colour.
  2318 | D:4      | Reached XP level 7. HP: 21/57 MP: 7/7
  2318 | D:4      | Gained mutation: Your system is resistant to poisons. (rPois) [Green Draconian growth]
  2729 | D:4      | Noticed Ijyb
  2741 | D:4      | Killed Ijyb
  2971 | D:5      | Entered Level 5 of the Dungeon
  3011 | D:5      | Reached skill level 6 in Long Blades
  3032 | D:5      | Gained mutation: Your muscles are strong. (Str +2) [mutagenic meat]
  3033 | D:5      | Gained mutation: You have sharp fingernails. [mutagenic meat]
  3034 | D:5      | Lost mutation: Your muscles are strong. (Str +2) [mutagenic meat]
  3281 | D:5      | Reached skill level 7 in Long Blades
  3281 | D:5      | Reached XP level 8. HP: 32/63 MP: 8/8
  4032 | D:6      | Noticed Duvessa
  4032 | D:6      | Noticed Dowan
  4050 | D:6      | Killed Duvessa
  4063 | D:6      | Killed Dowan
  4070 | D:6      | Reached skill level 8 in Long Blades
  4501 | D:6      | Reached skill level 9 in Long Blades
  4663 | D:6      | Noticed Prince Ribbit
  4683 | D:6      | Killed Prince Ribbit
  4683 | D:6      | Reached XP level 9. HP: 49/70 MP: 9/9
  4702 | D:6      | Noticed Edmund
  4719 | D:6      | Killed Edmund
  4753 | D:6      | Noticed a tengu warrior
  4786 | D:6      | Killed a tengu warrior
  4786 | D:6      | Reached skill level 10 in Long Blades
  5075 | D:6      | Found a staircase to the Ecumenical Temple.
  5231 | Temple   | Entered the Ecumenical Temple
  5333 | Temple   | Became a worshipper of Warmaster Okawaru
  6122 | D:8      | Reached skill level 11 in Long Blades
  6423 | D:8      | Noticed Erica
  6438 | D:8      | HP: 3/70 [something (2)]
  6441 | D:8      | Slain by Erica

Vault maps used:
D:1:      dpeg_arrival_rhombus, lemuel_old_faithful
D:2:      gammafunk_temple_overflow_wave, uniq_sigmund
D:3:      lemuel_doored_altar, amethyst_overflow_temple_binary, serial_glass,
          glass_columns_b, glass_columns_a, glass_columns_c, glass_columns_c,
          glass_columns_b
D:4:      first_bread, uniq_ijyb
D:6:      minmay_cornered_nines, minmay_temple_entry_statues_pillars,
          uniq_duvessa, uniq_prince_ribbit1, uniq_edmund
D:8:      uniq_erica
Temple:   minmay_temple_bridge_d

Skill      XL: |  1  2  3  4  5  6  7  8  9 |
---------------+----------------------------+-----
Shields        | 5 6 7 8 9 |  9.3
Long Blades    | 3 4 5 7 9 11 | 11.1
Fighting       | |  3.2
Dodging        | |  2.6

Action                   |  1- 3 |  4- 6 |  7- 9 || total
-------------------------+-------+-------+-------++-------
Melee: Long sword        |    26 |    11 |    97 ||   134
       Tailslap          |     6 |    25 |    80 ||   111
       Dagger            |    38 |   148 |   353 ||   539
 Abil: Breathe Noxious F |       |       |     5 ||     5
  Use: Potion            |       |     1 |     1 ||     2
       Scroll            |       |     4 |    17 ||    21
 Stab: Sleeping          |     2 |     1 |     2 ||     5
       Confused          |       |       |     3 ||     3
  Eat: Chunk             |       |     1 |    29 ||    30
       Meat ration       |       |     1 |       ||     1
Armor: Skin              |    17 |    21 |    50 ||    88
Dodge: Dodged            |    27 |    53 |   200 ||   280
Block: Shield            |    39 |    61 |   185 ||   285
       Rpst.: Long sword |     6 |     1 |    12 ||    19

Table legend:
 A = Spawn XP
 B = Non-spawn XP
 C = Spawn XP percentage of total XP
 D = Spawn monster count
 E = Non-spawn monster count
 F = Spawn count percentage of total count
 G = Total turns spent on level
                    A         B        C        D         E        F      G
               +---------+---------+-------+---------+---------+-------+---------
         Total |       0 |    5005 |   0.0 |       0 |     140 |   0.0 |  6441
               +---------+---------+-------+---------+---------+-------+---------
           D:1 |       0 |      22 |   0.0 |       0 |      11 |   0.0 |   499
           D:2 |       0 |     266 |   0.0 |       0 |      21 |   0.0 |   537
           D:3 |       0 |     240 |   0.0 |       0 |      26 |   0.0 |  1037
           D:4 |       0 |     405 |   0.0 |       0 |      21 |   0.0 |   898
           D:5 |       0 |     747 |   0.0 |       0 |      26 |   0.0 |  1051
           D:6 |       0 |    2513 |   0.0 |       0 |      20 |   0.0 |  1217
           D:7 |       0 |     623 |   0.0 |       0 |      12 |   0.0 |   665
           D:8 |       0 |     189 |   0.0 |       0 |       3 |   0.0 |   361
               +---------+---------+-------+---------+---------+-------+---------
